cohdb
Replays
Latest Replays
All Replays
Popular Replays
Top Player Replays
Match Explorer
How It Works
Community
CoH3 Stats
Reddit
Sign in to upload your games and track your stats! →
Sign in with Steam
Match 43438248
Unlisted
Match 43438248
Overview
Messages
Build Orders
End
Selects Italian Combined Arms Battlegroup
Selects Bersaglieri Squad
Bersaglieri Squad
Kradschützen Motorcycle Team
Bersaglieri Squad
Construct Light Support Kompanie
Bersaglieri Squad
Fire Support Elements
Selects Bersaglieri Bolster
250 Light Carrier
Bersaglieri Squad
Bersaglieri Squad
Selects Semovente da 75/18 Assault Gun
Selects Carro Armato M13/40 Light Tank
Carro Armato M13/40 Light Tank
Assault Mechanized Group
Rokundas
k.sarafzade
cpu-easy
Aristod
天安门广场 小熊维尼 总统
小熊維尼
操凱雷姆,你這個脾氣暴躁的團夥。
rkddlf12p
0
0
Comments
sign in to comment!
No comments posted yet!